General information
			
			
        
        - name: BNet
 
        - type: Ladder team game (AT/RT)
 
        - host: Battle.net
 
        - saver: Gobiner
 
        
map: FullScaleAssault 
        - players: 8
 
        - length: 139:07
 
        - speed: Fast
 - version: 1.21 W3XP
 - replay type:  Public
 
» download(771 KB)
Players
        team 1 (loser) 
              
              
bean12 (
green | 44 APM | 6107 actions | 139:04)
              
 8 Mountain King 
 3 Storm Bolt
 3 Bash
 1 Avatar
 1 Thunder Clap
 7 Paladin 
 3 Holy Light
 2 Divine Shield
 1 Devotion Aura
 1 Resurrection
 6 Priestess of the Moon 
 2 Searing Arrows
 1 Trueshot Aura
 1 Starfall
 2 Scout
 
                » actions 
                
                | Assign group hotkey | 79 |  | 
| Basic commands | 28 |  | 
| Build / train | 168 |  | 
| ESC pressed | 2 |  | 
| Enter build submenu | 76 |  | 
| Enter hero's abilities submenu | 24 |  | 
| Give item / drop item | 2 |  | 
| Remove unit from queue | 22 |  | 
| Right click | 2669 |  | 
| Select / deselect | 779 |  | 
| Select group hotkey | 1995 |  | 
| Use ability | 263 |  | 
                6107 total
 » units 
                
                | Peasant | 28 |  | 
| Footman | 9 |  | 
| Gryphon Rider | 7 |  | 
| Dragonhawk Rider | 20 |  | 
| Blue Drake | 1 |  | 
| Chimaera | 6 |  | 
| Goblin Shredder | 1 |  | 
| Goblin Zeppelin | 1 |  | 
                73 total
 » upgrades
                
                | Defend | 1 |  | 
| Lumber Harvesting | 2 |  | 
| Cloud | 1 |  | 
| Armor | 3 |  | 
| Swords | 3 |  | 
| Storm Hammers | 1 |  | 
| Magic Sentry | 1 |  | 
| Masonry | 1 |  | 
| Animal War Training | 1 |  | 
| Long Rifles | 1 |  | 
| Barrage | 1 |  | 
| Flak Cannons | 1 |  | 
| Strength of the Moon | 1 |  | 
| Moon Armor | 1 |  | 
                19 total
 » buildings
                
                | Altar of Kings | 1 |  | 
| Barracks | 1 |  | 
| Farm | 9 |  | 
| Scout Tower | 58 |  | 
| Arcane Tower | 1 |  | 
| Lumber Mill | 1 |  | 
| Guard Tower | 23 |  | 
| Arcane Vault | 1 |  | 
| Keep | 1 |  | 
| Town Hall | 6 |  | 
| Castle | 1 |  | 
| Gryphon Aviary | 2 |  | 
| Blacksmith | 1 |  | 
| Arcane Sanctum | 1 |  | 
| Workshop | 2 |  | 
| Chimaera Roost | 1 |  | 
                110 total
 » build order
                00:12 Altar of Kings
00:22 Barracks
00:37 Farm
01:16 Farm
01:38 Scout Tower
01:58 Farm
02:06 Scout Tower
02:10 Arcane Tower
02:17 Lumber Mill
02:33 Farm
03:25 Farm
04:01 Scout Tower
04:35 Guard Tower
04:40 Arcane Vault
05:29 Keep
05:48 Scout Tower
06:15 Guard Tower
06:19 Farm
07:00 Town Hall
08:04 Castle
09:16 Gryphon Aviary
09:18 Gryphon Aviary
09:41 Farm
09:51 Blacksmith
10:28 Scout Tower
10:29 Scout Tower
10:30 Scout Tower
11:20 Guard Tower
11:23 Guard Tower
12:04 Guard Tower
13:10 Farm
13:12 Farm
15:16 Town Hall
15:31 Arcane Sanctum
16:13 Scout Tower
16:16 Scout Tower
18:49 Scout Tower
18:50 Scout Tower
18:50 Scout Tower
19:28 Workshop
19:31 Workshop
20:20 Guard Tower
23:51 Scout Tower
23:52 Scout Tower
23:53 Scout Tower
26:29 Guard Tower
29:18 Guard Tower
32:57 Chimaera Roost
34:31 Town Hall
34:35 Scout Tower
34:36 Scout Tower
34:37 Scout Tower
34:37 Scout Tower
34:38 Scout Tower
34:39 Scout Tower
36:30 Scout Tower
36:32 Scout Tower
36:33 Scout Tower
37:11 Guard Tower
37:15 Scout Tower
37:16 Scout Tower
37:18 Scout Tower
37:48 Guard Tower
37:53 Scout Tower
37:54 Scout Tower
37:55 Scout Tower
38:39 Guard Tower
42:11 Scout Tower
42:13 Scout Tower
42:14 Scout Tower
42:17 Town Hall
42:21 Scout Tower
42:23 Scout Tower
42:27 Scout Tower
42:54 Guard Tower
43:12 Guard Tower
43:14 Scout Tower
43:15 Scout Tower
43:16 Scout Tower
43:17 Scout Tower
43:48 Guard Tower
45:11 Guard Tower
47:41 Town Hall
50:46 Scout Tower
50:46 Scout Tower
50:48 Scout Tower
50:49 Scout Tower
50:49 Scout Tower
52:09 Guard Tower
52:49 Guard Tower
53:18 Scout Tower
53:19 Scout Tower
53:20 Scout Tower
53:21 Scout Tower
53:21 Scout Tower
53:21 Scout Tower
53:23 Scout Tower
53:50 Guard Tower
53:53 Scout Tower
53:54 Scout Tower
53:55 Scout Tower
53:56 Scout Tower
54:31 Guard Tower
54:41 Scout Tower
54:43 Scout Tower
54:53 Guard Tower
55:09 Guard Tower
55:10 Guard Tower
55:20 Guard Tower
62:42 Town Hall
» items
                
                | Staff of Teleportation | 1 |  | 
| Scroll of Town Portal | 3 |  | 
| Boots of Speed | 2 |  | 
                6 total
  
               
              
              
FunK11 (
blue | 41 APM | 925 actions | 22:24)
              
 3 Priestess of the Moon 
 2 Trueshot Aura
 1 Searing Arrows
 
                » actions 
                
                | Assign group hotkey | 20 |  | 
| Basic commands | 6 |  | 
| Build / train | 84 |  | 
| ESC pressed | 2 |  | 
| Enter build submenu | 21 |  | 
| Enter hero's abilities submenu | 3 |  | 
| Give item / drop item | 3 |  | 
| Right click | 303 |  | 
| Select / deselect | 225 |  | 
| Select group hotkey | 185 |  | 
| Use ability | 73 |  | 
                925 total
 » units 
                
                | Wisp | 51 |  | 
| Huntress | 5 |  | 
| Goblin Zeppelin | 1 |  | 
| Chimaera | 7 |  | 
                64 total
 » upgrades
                
                | Ultravision | 1 |  | 
| Strength of the Wild | 3 |  | 
| Reinforced Hides | 3 |  | 
| Corrosive Breath | 1 |  | 
| Well Spring | 1 |  | 
                9 total
 » buildings
                
                | Altar of Elders | 1 |  | 
| Moon Well | 7 |  | 
| Hunter's Hall | 1 |  | 
| Ancient of War | 1 |  | 
| Tree of Ages | 1 |  | 
| Tree of Eternity | 3 |  | 
| Ancient Protector | 12 |  | 
| Tree of Life | 3 |  | 
| Ancient of Wind | 1 |  | 
| Chimaera Roost | 2 |  | 
| Ancient of Wonders | 1 |  | 
                33 total
 » build order
                00:07 Altar of Elders
00:24 Moon Well
01:24 Hunter's Hall
01:50 Ancient of War
01:55 Moon Well
03:01 Tree of Ages
04:09 Moon Well
05:23 Tree of Eternity
05:42 Ancient Protector
05:43 Ancient Protector
05:46 Ancient Protector
06:33 Tree of Life
07:31 Ancient of Wind
08:34 Tree of Eternity
10:08 Moon Well
10:09 Moon Well
10:11 Moon Well
11:20 Chimaera Roost
11:21 Chimaera Roost
12:16 Tree of Life
12:26 Ancient of Wonders
12:30 Ancient Protector
12:37 Ancient Protector
12:37 Ancient Protector
12:44 Ancient Protector
15:20 Moon Well
17:03 Ancient Protector
17:04 Ancient Protector
17:06 Ancient Protector
17:07 Ancient Protector
17:10 Ancient Protector
22:02 Tree of Life
» items
                
                | Scroll of Town Portal | 1 |  | 
| Anti-magic Potion | 1 |  | 
| Staff of Preservation | 1 |  | 
                3 total
  
               
              
              
hasleftthegame (
purple | 36 APM | 4904 actions | 137:06)
              
 7 Death Knight 
 3 Death Coil
 3 Unholy Aura
 1 Animate Dead
 6 Pit Lord 
 3 Rain of Fire
 2 Cleaving Attack
 1 Doom
 
                » actions 
                
                | Assign group hotkey | 69 |  | 
| Basic commands | 536 |  | 
| Build / train | 138 |  | 
| ESC pressed | 1 |  | 
| Enter build submenu | 59 |  | 
| Enter hero's abilities submenu | 13 |  | 
| Give item / drop item | 9 |  | 
| Remove unit from queue | 4 |  | 
| Right click | 1446 |  | 
| Select / deselect | 942 |  | 
| Select group hotkey | 1418 |  | 
| Use ability | 269 |  | 
                4904 total
 » units 
                
                | Acolyte | 22 |  | 
| Ghoul | 2 |  | 
| Crypt Fiend | 18 |  | 
| Giant Sea Turtle | 1 |  | 
| Blue Dragon Whelp | 1 |  | 
| Frost Wyrm | 8 |  | 
| Chimaera | 5 |  | 
                57 total
 » upgrades
                
                | Creature Attack | 3 |  | 
| Creature Carapace | 4 |  | 
| Web | 1 |  | 
| Freezing Breath | 1 |  | 
| Burrow | 1 |  | 
                10 total
 » buildings
                
                | Crypt | 2 |  | 
| Graveyard | 1 |  | 
| Altar of Darkness | 2 |  | 
| Ziggurat | 26 |  | 
| Tomb of Relics | 1 |  | 
| Nerubian Tower | 5 |  | 
| Spirit Tower | 11 |  | 
| Halls of the Dead | 1 |  | 
| Sacrificial Pit | 1 |  | 
| Black Citadel | 1 |  | 
| Boneyard | 2 |  | 
| Ancient Protector | 2 |  | 
| Moon Well | 3 |  | 
| Chimaera Roost | 1 |  | 
                59 total
 » build order
                00:11 Crypt
00:22 Graveyard
00:42 Altar of Darkness
00:59 Ziggurat
01:24 Tomb of Relics
02:05 Ziggurat
02:10 Nerubian Tower
03:55 Spirit Tower
04:30 Ziggurat
05:24 Halls of the Dead
05:51 Ziggurat
07:52 Sacrificial Pit
09:12 Ziggurat
09:51 Black Citadel
10:23 Spirit Tower
11:55 Ziggurat
11:56 Ziggurat
13:24 Boneyard
13:29 Boneyard
13:33 Ziggurat
15:16 Nerubian Tower
17:08 Crypt
19:15 Ziggurat
20:15 Ziggurat
20:16 Spirit Tower
20:19 Ziggurat
21:48 Spirit Tower
22:58 Ziggurat
23:02 Ziggurat
24:06 Spirit Tower
24:09 Spirit Tower
24:11 Ziggurat
26:14 Ancient Protector
26:25 Moon Well
27:08 Moon Well
32:55 Chimaera Roost
33:01 Moon Well
33:05 Ancient Protector
39:52 Ziggurat
39:53 Ziggurat
41:58 Spirit Tower
41:59 Nerubian Tower
43:04 Ziggurat
43:39 Ziggurat
43:41 Ziggurat
44:34 Spirit Tower
45:39 Nerubian Tower
45:41 Spirit Tower
45:43 Ziggurat
45:45 Ziggurat
46:54 Spirit Tower
62:51 Ziggurat
64:08 Nerubian Tower
64:21 Ziggurat
65:17 Spirit Tower
82:35 Ziggurat
85:51 Ziggurat
88:44 Altar of Darkness
88:49 Ziggurat
» items
                
                | Rod of Necromancy | 2 |  | 
| Dust of Appearance | 4 |  | 
| Sacrificial Skull | 3 |  | 
| Orb of Corruption | 2 |  | 
| Scroll of Town Portal | 8 |  | 
| Potion of Healing | 6 |  | 
| Scroll of Protection | 3 |  | 
| Potion of Mana | 2 |  | 
| Orb of Lightning | 1 |  | 
| Scroll of Healing | 1 |  | 
                32 total
  
               
              
              
v[a]nity (
red | 112 APM | 13224 actions | 117:45)
              
 10 Blademaster 
 3 Wind Walk
 3 Critical Strike
 1 Bladestorm
 3 Mirror Image
 
                » actions 
                
                | Assign group hotkey | 120 |  | 
| Basic commands | 196 |  | 
| Build / train | 126 |  | 
| ESC pressed | 8 |  | 
| Enter build submenu | 73 |  | 
| Enter hero's abilities submenu | 10 |  | 
| Give item / drop item | 13 |  | 
| Right click | 7938 |  | 
| Select / deselect | 1626 |  | 
| Select group hotkey | 2375 |  | 
| Use ability | 738 |  | 
                13224 total
 » units 
                
                | Peon | 16 |  | 
| Goblin Shredder | 1 |  | 
| Wind Rider | 5 |  | 
| Tauren | 14 |  | 
| Blue Dragon | 1 |  | 
| Shaman | 7 |  | 
| Raider | 2 |  | 
| Goblin Zeppelin | 2 |  | 
| Chimaera | 2 |  | 
| Troll Witch Doctor | 5 |  | 
                55 total
 » upgrades
                
                | Ranged Weapons | 1 |  | 
| Envenomed Spears | 1 |  | 
| Pulverize | 1 |  | 
| Reinforced Defenses | 1 |  | 
| Melee Weapons | 3 |  | 
| Armor | 2 |  | 
| Shaman Training | 2 |  | 
| Ensnare | 1 |  | 
| Witch Doctor Training | 2 |  | 
| Pillage | 1 |  | 
                15 total
 » buildings
                
                | Altar of Storms | 1 |  | 
| Orc Burrow | 8 |  | 
| War Mill | 1 |  | 
| Voodoo Lounge | 3 |  | 
| Watch Tower | 35 |  | 
| Stronghold | 2 |  | 
| Fortress | 2 |  | 
| Beastiary | 2 |  | 
| Tauren Totem | 3 |  | 
| Great Hall | 2 |  | 
| Spirit Lodge | 4 |  | 
| Barracks | 1 |  | 
                64 total
 » build order
                00:07 Altar of Storms
00:09 Orc Burrow
00:12 Orc Burrow
00:51 War Mill
01:19 Voodoo Lounge
01:52 Orc Burrow
02:07 Watch Tower
03:08 Stronghold
03:48 Watch Tower
03:52 Orc Burrow
04:09 Watch Tower
04:10 Watch Tower
05:13 Watch Tower
05:42 Fortress
05:42 Fortress
05:46 Beastiary
05:47 Beastiary
06:14 Orc Burrow
06:17 Orc Burrow
08:05 Tauren Totem
11:52 Tauren Totem
11:53 Orc Burrow
11:54 Orc Burrow
14:14 Great Hall
14:16 Watch Tower
14:32 Watch Tower
16:09 Watch Tower
16:12 Watch Tower
16:36 Watch Tower
16:38 Watch Tower
17:57 Voodoo Lounge
18:08 Spirit Lodge
18:10 Spirit Lodge
19:35 Watch Tower
23:38 Watch Tower
23:43 Watch Tower
23:45 Watch Tower
26:48 Watch Tower
26:51 Watch Tower
28:21 Great Hall
28:29 Watch Tower
28:29 Watch Tower
28:30 Watch Tower
28:31 Watch Tower
28:32 Watch Tower
28:33 Watch Tower
29:40 Watch Tower
29:41 Watch Tower
29:42 Watch Tower
29:51 Watch Tower
30:27 Watch Tower
34:51 Voodoo Lounge
34:52 Watch Tower
34:57 Watch Tower
36:23 Watch Tower
36:24 Watch Tower
36:55 Watch Tower
36:55 Watch Tower
36:56 Watch Tower
37:48 Spirit Lodge
37:49 Spirit Lodge
42:25 Tauren Totem
56:08 Barracks
» items
                
                | Healing Salve | 3 |  | 
| Lesser Clarity Potion | 8 |  | 
| Scroll of Speed | 2 |  | 
| Boots of Speed | 1 |  | 
| Orb of Corruption | 1 |  | 
| Staff of Teleportation | 1 |  | 
| Potion of Healing | 5 |  | 
| Tiny Great Hall | 1 |  | 
| Potion of Mana | 3 |  | 
| Scroll of Town Portal | 1 |  | 
                26 total
  
               team 2 (winner) 
              
              
2m4nyt0wrs (
pink | 31 APM | 4253 actions | 139:05)
              
 7 Blademaster 
 3 Wind Walk
 3 Critical Strike
 1 Bladestorm
 
                » actions 
                
                | Assign group hotkey | 1 |  | 
| Basic commands | 43 |  | 
| Build / train | 163 |  | 
| Enter build submenu | 70 |  | 
| Enter hero's abilities submenu | 6 |  | 
| Give item / drop item | 2 |  | 
| Remove unit from queue | 22 |  | 
| Right click | 2557 |  | 
| Select / deselect | 972 |  | 
| Use ability | 417 |  | 
                4253 total
 » units 
                
                | Peon | 44 |  | 
| Troll Batrider | 68 |  | 
| Goblin Zeppelin | 2 |  | 
| Troll Witch Doctor | 4 |  | 
                118 total
 » upgrades
                
                | Liquid Fire | 1 |  | 
| Reinforced Defenses | 1 |  | 
| Pillage | 1 |  | 
| Witch Doctor Training | 1 |  | 
                4 total
 » buildings
                
                | Altar of Storms | 5 |  | 
| War Mill | 5 |  | 
| Orc Burrow | 14 |  | 
| Watch Tower | 46 |  | 
| Voodoo Lounge | 4 |  | 
| Stronghold | 3 |  | 
| Beastiary | 9 |  | 
| Fortress | 1 |  | 
| Great Hall | 5 |  | 
| Spirit Lodge | 1 |  | 
                93 total
 » build order
                00:12 Altar of Storms
00:16 War Mill
00:40 Orc Burrow
01:46 Watch Tower
02:04 Watch Tower
02:50 Voodoo Lounge
03:10 Watch Tower
03:18 Watch Tower
03:50 Orc Burrow
03:51 Orc Burrow
04:46 Watch Tower
04:54 Watch Tower
04:56 Watch Tower
05:43 Watch Tower
05:48 Watch Tower
05:48 Watch Tower
05:50 Watch Tower
05:56 Watch Tower
05:59 Watch Tower
06:21 Stronghold
07:18 Watch Tower
07:23 Watch Tower
08:10 Watch Tower
08:11 Watch Tower
08:13 Watch Tower
08:13 Watch Tower
08:14 Watch Tower
08:14 Watch Tower
08:54 Beastiary
08:59 Beastiary
09:07 Beastiary
10:42 Fortress
11:14 Watch Tower
11:24 Watch Tower
11:29 Watch Tower
12:22 Great Hall
13:34 Watch Tower
13:35 Watch Tower
13:37 Watch Tower
15:43 Watch Tower
15:45 Watch Tower
15:48 Watch Tower
20:59 Orc Burrow
27:10 Orc Burrow
27:32 Great Hall
27:35 Great Hall
27:49 Watch Tower
27:50 Watch Tower
27:51 Watch Tower
27:52 Watch Tower
27:53 Watch Tower
27:54 Watch Tower
27:58 Watch Tower
29:01 Watch Tower
29:02 Watch Tower
29:03 Watch Tower
29:04 Watch Tower
29:05 Watch Tower
29:13 Watch Tower
29:14 Watch Tower
30:22 Altar of Storms
30:48 Great Hall
32:03 Orc Burrow
32:05 Orc Burrow
32:07 Orc Burrow
32:14 Orc Burrow
32:15 Orc Burrow
33:35 Stronghold
35:58 Beastiary
37:12 Voodoo Lounge
41:50 Altar of Storms
42:19 War Mill
46:08 War Mill
46:22 War Mill
47:36 Great Hall
48:05 Altar of Storms
50:00 Altar of Storms
55:05 Beastiary
55:14 Beastiary
56:09 Beastiary
56:40 Beastiary
56:51 Voodoo Lounge
57:00 War Mill
58:03 Beastiary
58:23 Orc Burrow
58:27 Orc Burrow
67:04 Spirit Lodge
69:23 Watch Tower
69:26 Watch Tower
81:25 Voodoo Lounge
85:53 Orc Burrow
86:25 Orc Burrow
» items
                
                | Staff of Teleportation | 1 |  | 
| Boots of Speed | 1 |  | 
| Orb of Lightning | 1 |  | 
| Tiny Great Hall | 2 |  | 
                5 total
  
               
              
              
DontQQnub (
yellow | 39 APM | 3217 actions | 83:24)
              
 5 Archmage 
 3 Blizzard
 2 Brilliance Aura
 5 Paladin 
 3 Holy Light
 2 Divine Shield
 5 Mountain King 
 3 Storm Bolt
 2 Bash
 
                » actions 
                
                | Assign group hotkey | 10 |  | 
| Basic commands | 5 |  | 
| Build / train | 102 |  | 
| ESC pressed | 1 |  | 
| Enter build submenu | 44 |  | 
| Enter hero's abilities submenu | 17 |  | 
| Give item / drop item | 9 |  | 
| Remove unit from queue | 4 |  | 
| Right click | 1668 |  | 
| Select / deselect | 706 |  | 
| Select group hotkey | 349 |  | 
| Use ability | 301 |  | 
                3217 total
 » units 
                
                | Peasant | 24 |  | 
| Goblin Zeppelin | 1 |  | 
| Goblin Shredder | 1 |  | 
| Sorceress | 1 |  | 
| Dragonhawk Rider | 4 |  | 
| Priest | 1 |  | 
                32 total
 » upgrades
                
                | Masonry | 3 |  | 
| Magic Sentry | 1 |  | 
| Lumber Harvesting | 2 |  | 
| Sorceress Training | 2 |  | 
| Cloud | 1 |  | 
| Priest Training | 2 |  | 
| Animal War Training | 1 |  | 
| Armor | 3 |  | 
                15 total
 » buildings
                
                | Altar of Kings | 2 |  | 
| Farm | 13 |  | 
| Lumber Mill | 2 |  | 
| Scout Tower | 22 |  | 
| Arcane Tower | 4 |  | 
| Guard Tower | 11 |  | 
| Keep | 1 |  | 
| Arcane Vault | 1 |  | 
| Arcane Sanctum | 1 |  | 
| Town Hall | 4 |  | 
| Gryphon Aviary | 3 |  | 
| Castle | 1 |  | 
| Blacksmith | 1 |  | 
| Barracks | 1 |  | 
                67 total
 » build order
                00:03 Altar of Kings
00:04 Farm
00:48 Lumber Mill
01:24 Farm
01:28 Scout Tower
01:43 Scout Tower
01:48 Scout Tower
01:55 Arcane Tower
02:11 Scout Tower
02:27 Guard Tower
02:40 Arcane Tower
02:49 Scout Tower
03:00 Guard Tower
03:17 Scout Tower
03:48 Guard Tower
03:49 Scout Tower
03:51 Arcane Tower
03:53 Scout Tower
04:03 Keep
04:17 Scout Tower
04:19 Scout Tower
04:20 Guard Tower
04:23 Guard Tower
04:45 Scout Tower
04:46 Scout Tower
04:46 Scout Tower
04:53 Guard Tower
04:54 Guard Tower
05:09 Farm
05:18 Guard Tower
05:32 Arcane Vault
05:37 Scout Tower
05:41 Scout Tower
05:56 Farm
07:05 Arcane Sanctum
07:12 Arcane Tower
07:20 Guard Tower
07:27 Scout Tower
07:45 Farm
08:30 Town Hall
09:47 Gryphon Aviary
10:42 Castle
10:57 Guard Tower
11:37 Scout Tower
11:38 Scout Tower
13:09 Guard Tower
14:04 Town Hall
16:04 Blacksmith
16:05 Barracks
28:18 Gryphon Aviary
28:19 Gryphon Aviary
28:22 Farm
28:22 Farm
28:23 Farm
28:24 Farm
28:25 Farm
28:26 Farm
28:43 Altar of Kings
29:07 Farm
29:08 Farm
29:47 Lumber Mill
30:37 Town Hall
36:12 Town Hall
47:29 Scout Tower
47:30 Scout Tower
47:31 Scout Tower
47:31 Scout Tower
» items
                
                | Healing Salve | 1 |  | 
| Lesser Clarity Potion | 1 |  | 
| Boots of Speed | 3 |  | 
| Periapt of Vitality | 3 |  | 
| Staff of Teleportation | 4 |  | 
| Staff of Sanctuary | 2 |  | 
| Orb of Lightning | 2 |  | 
                16 total
  
               
              
              
Gobiner (
orange | 35 APM | 4820 actions | 139:07)
              
 6 Archmage 
 3 Blizzard
 2 Brilliance Aura
 1 Mass Teleport
 6 Blood Mage 
 3 Flame Strike
 2 Siphon Mana
 1 Summon Phoenix
 1 Paladin 
 1 Divine Shield
 
                » actions 
                
                | Assign group hotkey | 17 |  | 
| Basic commands | 80 |  | 
| Build / train | 182 |  | 
| ESC pressed | 5 |  | 
| Enter build submenu | 69 |  | 
| Enter hero's abilities submenu | 13 |  | 
| Give item / drop item | 8 |  | 
| Right click | 1806 |  | 
| Select / deselect | 948 |  | 
| Select group hotkey | 986 |  | 
| Use ability | 706 |  | 
                4820 total
 » units 
                
                | Peasant | 35 |  | 
| Priest | 2 |  | 
| Sorceress | 2 |  | 
| Goblin Zeppelin | 1 |  | 
| Dragonhawk Rider | 8 |  | 
                48 total
 » upgrades
                
                | Masonry | 3 |  | 
| Magic Sentry | 1 |  | 
| Lumber Harvesting | 2 |  | 
| Sorceress Training | 2 |  | 
| Cloud | 1 |  | 
| Priest Training | 2 |  | 
| Control Magic | 1 |  | 
| Storm Hammers | 1 |  | 
| Animal War Training | 1 |  | 
| Armor | 3 |  | 
| Swords | 3 |  | 
| Long Rifles | 1 |  | 
| Defend | 1 |  | 
| Backpack | 1 |  | 
                23 total
 » buildings
                
                | Altar of Kings | 2 |  | 
| Lumber Mill | 2 |  | 
| Farm | 11 |  | 
| Scout Tower | 216 |  | 
| Arcane Tower | 5 |  | 
| Guard Tower | 59 |  | 
| Keep | 5 |  | 
| Town Hall | 2 |  | 
| Castle | 1 |  | 
| Arcane Sanctum | 1 |  | 
| Arcane Vault | 1 |  | 
| Gryphon Aviary | 1 |  | 
| Blacksmith | 2 |  | 
| Barracks | 1 |  | 
| Workshop | 2 |  | 
| Cannon Tower | 13 |  | 
                324 total
 » build order
                00:07 Altar of Kings
00:12 Lumber Mill
00:38 Farm
01:07 Scout Tower
01:37 Arcane Tower
01:41 Scout Tower
01:56 Farm
02:04 Scout Tower
02:12 Guard Tower
02:36 Guard Tower
02:38 Scout Tower
02:40 Scout Tower
03:06 Guard Tower
03:08 Guard Tower
03:12 Scout Tower
03:47 Guard Tower
03:51 Scout Tower
03:51 Scout Tower
04:04 Scout Tower
04:19 Guard Tower
04:30 Guard Tower
04:33 Scout Tower
04:34 Scout Tower
05:01 Guard Tower
05:02 Guard Tower
05:24 Keep
05:25 Keep
05:25 Keep
05:50 Scout Tower
05:52 Scout Tower
06:17 Scout Tower
06:18 Scout Tower
06:19 Scout Tower
06:21 Guard Tower
06:33 Farm
06:35 Farm
06:37 Farm
07:18 Guard Tower
07:50 Scout Tower
07:51 Scout Tower
07:55 Scout Tower
07:56 Scout Tower
07:57 Scout Tower
07:59 Scout Tower
08:37 Town Hall
08:54 Guard Tower
09:32 Castle
09:33 Guard Tower
10:34 Guard Tower
10:36 Arcane Sanctum
13:31 Scout Tower
13:32 Scout Tower
13:33 Scout Tower
13:34 Scout Tower
13:36 Scout Tower
13:42 Arcane Vault
13:45 Gryphon Aviary
14:57 Guard Tower
15:25 Guard Tower
16:02 Farm
17:33 Guard Tower
18:10 Scout Tower
18:11 Scout Tower
18:13 Scout Tower
18:15 Scout Tower
18:24 Scout Tower
20:02 Town Hall
20:10 Scout Tower
20:10 Scout Tower
20:10 Scout Tower
20:11 Scout Tower
20:12 Scout Tower
20:12 Scout Tower
20:13 Scout Tower
20:14 Scout Tower
20:14 Scout Tower
20:15 Scout Tower
20:15 Scout Tower
20:16 Scout Tower
20:18 Scout Tower
20:18 Scout Tower
20:20 Scout Tower
20:21 Scout Tower
20:23 Scout Tower
20:24 Scout Tower
21:43 Guard Tower
22:21 Guard Tower
22:45 Guard Tower
22:52 Scout Tower
22:53 Scout Tower
22:53 Scout Tower
22:54 Scout Tower
22:55 Scout Tower
22:56 Scout Tower
23:10 Blacksmith
23:13 Barracks
26:16 Scout Tower
26:16 Scout Tower
26:16 Scout Tower
26:23 Guard Tower
26:58 Altar of Kings
27:11 Scout Tower
27:12 Scout Tower
27:13 Scout Tower
27:14 Scout Tower
27:15 Scout Tower
27:16 Scout Tower
27:17 Scout Tower
27:18 Scout Tower
27:20 Scout Tower
27:21 Scout Tower
27:23 Scout Tower
27:25 Scout Tower
27:26 Scout Tower
27:27 Scout Tower
27:28 Scout Tower
27:28 Scout Tower
27:29 Scout Tower
27:31 Scout Tower
27:31 Scout Tower
27:32 Scout Tower
27:33 Scout Tower
27:34 Scout Tower
27:34 Scout Tower
27:36 Scout Tower
27:37 Scout Tower
27:38 Scout Tower
27:39 Scout Tower
27:40 Scout Tower
27:41 Scout Tower
27:42 Scout Tower
27:43 Scout Tower
27:47 Guard Tower
28:01 Guard Tower
28:35 Guard Tower
28:44 Guard Tower
29:27 Guard Tower
29:47 Guard Tower
30:48 Guard Tower
31:03 Guard Tower
31:05 Guard Tower
31:11 Guard Tower
33:36 Farm
33:37 Farm
33:38 Farm
33:42 Farm
33:43 Farm
35:42 Keep
40:13 Scout Tower
40:14 Scout Tower
40:15 Scout Tower
40:16 Scout Tower
40:17 Scout Tower
40:17 Scout Tower
40:18 Scout Tower
40:19 Scout Tower
40:21 Scout Tower
40:21 Scout Tower
40:23 Scout Tower
40:23 Scout Tower
40:24 Scout Tower
40:25 Scout Tower
40:26 Scout Tower
40:29 Scout Tower
40:30 Scout Tower
40:31 Scout Tower
40:32 Scout Tower
40:36 Scout Tower
40:36 Scout Tower
40:38 Scout Tower
40:39 Scout Tower
40:40 Scout Tower
40:41 Scout Tower
40:43 Scout Tower
40:44 Scout Tower
40:45 Scout Tower
40:45 Scout Tower
40:46 Scout Tower
40:47 Scout Tower
40:49 Scout Tower
40:51 Scout Tower
40:51 Scout Tower
40:53 Scout Tower
40:54 Scout Tower
40:55 Scout Tower
40:56 Scout Tower
40:57 Scout Tower
41:10 Lumber Mill
41:48 Guard Tower
41:51 Guard Tower
42:00 Guard Tower
42:01 Guard Tower
42:01 Guard Tower
42:03 Guard Tower
42:26 Guard Tower
42:29 Guard Tower
42:30 Guard Tower
42:31 Guard Tower
42:42 Guard Tower
42:45 Guard Tower
42:46 Guard Tower
42:54 Guard Tower
43:03 Blacksmith
44:24 Workshop
46:55 Scout Tower
46:56 Scout Tower
46:57 Scout Tower
46:59 Scout Tower
47:00 Scout Tower
47:29 Arcane Tower
47:53 Arcane Tower
48:47 Arcane Tower
54:07 Scout Tower
54:09 Scout Tower
54:11 Scout Tower
54:12 Scout Tower
54:14 Scout Tower
54:17 Scout Tower
54:20 Scout Tower
54:23 Workshop
55:04 Guard Tower
55:14 Scout Tower
55:22 Scout Tower
55:26 Cannon Tower
55:59 Cannon Tower
56:03 Cannon Tower
56:10 Scout Tower
56:11 Scout Tower
56:13 Scout Tower
56:36 Guard Tower
56:37 Cannon Tower
57:26 Cannon Tower
57:26 Cannon Tower
58:00 Arcane Tower
60:23 Scout Tower
60:25 Scout Tower
60:27 Scout Tower
60:28 Scout Tower
60:30 Scout Tower
60:31 Scout Tower
60:31 Scout Tower
60:34 Scout Tower
60:38 Scout Tower
60:38 Scout Tower
60:39 Scout Tower
60:40 Scout Tower
60:40 Scout Tower
60:42 Scout Tower
60:43 Scout Tower
60:45 Scout Tower
60:46 Scout Tower
60:54 Scout Tower
60:57 Scout Tower
60:58 Scout Tower
60:59 Scout Tower
61:00 Scout Tower
61:01 Scout Tower
61:03 Scout Tower
61:03 Scout Tower
61:06 Scout Tower
61:06 Scout Tower
61:07 Scout Tower
61:09 Scout Tower
61:21 Guard Tower
61:22 Guard Tower
62:27 Scout Tower
62:27 Scout Tower
62:28 Scout Tower
62:30 Scout Tower
62:31 Scout Tower
62:33 Scout Tower
62:34 Scout Tower
62:34 Scout Tower
62:36 Scout Tower
62:37 Scout Tower
62:38 Scout Tower
62:40 Scout Tower
62:41 Scout Tower
62:42 Scout Tower
62:44 Scout Tower
62:45 Scout Tower
62:46 Scout Tower
62:46 Scout Tower
62:47 Scout Tower
62:48 Scout Tower
62:48 Scout Tower
62:50 Scout Tower
62:51 Scout Tower
62:53 Scout Tower
62:53 Scout Tower
62:54 Scout Tower
62:55 Scout Tower
62:55 Scout Tower
62:58 Scout Tower
63:02 Cannon Tower
63:03 Cannon Tower
63:04 Cannon Tower
63:05 Guard Tower
63:07 Guard Tower
63:54 Cannon Tower
63:55 Cannon Tower
63:56 Guard Tower
64:01 Guard Tower
64:02 Guard Tower
64:25 Guard Tower
64:28 Guard Tower
64:36 Guard Tower
69:30 Scout Tower
69:31 Scout Tower
69:32 Scout Tower
69:33 Scout Tower
69:34 Scout Tower
69:36 Scout Tower
69:36 Scout Tower
70:37 Cannon Tower
70:37 Cannon Tower
70:38 Guard Tower
72:46 Scout Tower
72:47 Scout Tower
72:49 Scout Tower
72:50 Scout Tower
72:54 Scout Tower
73:23 Guard Tower
» items
                
                | Boots of Speed | 2 |  | 
| Staff of Teleportation | 2 |  | 
| Healing Salve | 3 |  | 
| Lesser Clarity Potion | 2 |  | 
| Staff of Sanctuary | 2 |  | 
| Orb of Lightning | 2 |  | 
                13 total
  
               
              
              
SPOOON (
teal | 68 APM | 9429 actions | 139:05)
              
 7 Blademaster 
 3 Wind Walk
 3 Critical Strike
 1 Bladestorm
 2 Paladin 
 1 Resurrection
 1 Divine Shield
 1 Archmage 
 1 Mass Teleport
 1 Mountain King 
 1 Avatar
 
                » actions 
                
                | Assign group hotkey | 41 |  | 
| Basic commands | 64 |  | 
| Build / train | 106 |  | 
| ESC pressed | 3 |  | 
| Enter build submenu | 86 |  | 
| Enter hero's abilities submenu | 12 |  | 
| Give item / drop item | 16 |  | 
| Remove unit from queue | 1 |  | 
| Right click | 4276 |  | 
| Select / deselect | 650 |  | 
| Select group hotkey | 3760 |  | 
| Use ability | 412 |  | 
                9429 total
 » units 
                
                | Peon | 27 |  | 
| Troll Batrider | 32 |  | 
| Goblin Zeppelin | 1 |  | 
                60 total
 » upgrades
                
                | Ranged Weapons | 3 |  | 
| Liquid Fire | 1 |  | 
| Reinforced Defenses | 1 |  | 
| Armor | 2 |  | 
| Spiked Barricades | 1 |  | 
| Shaman Training | 1 |  | 
                9 total
 » buildings
                
                | Altar of Storms | 3 |  | 
| Orc Burrow | 7 |  | 
| War Mill | 2 |  | 
| Watch Tower | 61 |  | 
| Voodoo Lounge | 3 |  | 
| Stronghold | 3 |  | 
| Fortress | 1 |  | 
| Beastiary | 4 |  | 
| Great Hall | 2 |  | 
| Spirit Lodge | 1 |  | 
                87 total
 » build order
                00:04 Altar of Storms
00:17 Orc Burrow
00:33 War Mill
01:40 Orc Burrow
02:05 Watch Tower
02:10 Watch Tower
02:27 Watch Tower
03:34 Voodoo Lounge
03:51 Watch Tower
04:43 Stronghold
04:54 Watch Tower
06:00 Watch Tower
06:03 Watch Tower
06:39 Orc Burrow
07:07 Watch Tower
07:08 Watch Tower
07:46 Watch Tower
07:51 Watch Tower
08:06 Watch Tower
08:08 Fortress
08:14 Beastiary
08:30 Watch Tower
08:33 Watch Tower
08:43 Beastiary
09:32 Watch Tower
09:36 Watch Tower
09:45 Watch Tower
09:46 Watch Tower
10:55 Watch Tower
10:57 Watch Tower
11:17 Watch Tower
12:04 Watch Tower
12:06 Watch Tower
13:16 Great Hall
13:20 Watch Tower
14:25 Watch Tower
14:29 Watch Tower
15:10 Watch Tower
15:38 Voodoo Lounge
15:43 Watch Tower
16:21 Watch Tower
16:50 Watch Tower
16:55 Watch Tower
17:31 Watch Tower
19:18 Watch Tower
19:36 Watch Tower
19:39 Watch Tower
21:31 Watch Tower
22:12 Watch Tower
22:16 Watch Tower
22:47 Watch Tower
23:18 Watch Tower
23:31 Watch Tower
23:55 Watch Tower
24:16 Spirit Lodge
25:05 Watch Tower
25:09 Watch Tower
26:47 Watch Tower
26:54 Great Hall
27:00 Watch Tower
28:21 Watch Tower
28:23 Watch Tower
28:25 Watch Tower
28:39 Watch Tower
29:37 Watch Tower
29:38 Watch Tower
30:43 Watch Tower
30:46 Watch Tower
30:48 Watch Tower
30:50 Watch Tower
32:06 Altar of Storms
32:09 Orc Burrow
32:12 Orc Burrow
32:29 Altar of Storms
33:22 War Mill
34:25 Stronghold
34:25 Stronghold
34:50 Orc Burrow
34:56 Watch Tower
36:32 Voodoo Lounge
36:47 Beastiary
36:55 Beastiary
37:14 Orc Burrow
40:08 Watch Tower
40:33 Watch Tower
40:46 Watch Tower
40:47 Watch Tower
» items
                
                | Lesser Clarity Potion | 8 |  | 
| Healing Salve | 4 |  | 
| Scroll of Speed | 2 |  | 
| Boots of Speed | 1 |  | 
| Staff of Teleportation | 1 |  | 
| Orb of Lightning | 1 |  | 
| Potion of Mana | 1 |  | 
| Potion of Lesser Invulnerability | 1 |  | 
                19 total
  
                Chat log
          (00:06 / Allies) DontQQnub: ya
(00:08 / Allies) DontQQnub: i remember him
(00:15 / Allies) DontQQnub: think i played him on this account too
(00:18 / Allies) DontQQnub: so he prob remembers
(00:30 / Allies) DontQQnub: a week ago maybe
(00:52 / Allies) DontQQnub: iirc he was horrible
(01:51 / Allies) DontQQnub: you both should
(07:02 / Allies) DontQQnub: scanned
(08:17 / All) FunK11: sigh..
(08:19 / All) FunK11: anotehr 3 hour game
(08:22 / All) FunK11: you ass fucks
(08:22 / All) Gobiner: |:)
(08:23 / All) 2m4nyt0wrs: :)
(08:25 / All) DontQQnub: SIGH
(08:30 / All) FunK11: get a life you sacks of shit noobs
(08:35 / All) 2m4nyt0wrs: lol
(08:37 / All) DontQQnub: SIGH
(17:46 / All) v[a]nity: mines stronger.
(19:58 / Allies) DontQQnub: bats anyone?
(21:57 / All) FunK11: ... fuckin pathetic
(21:58 / All) FunK11: get a life
(22:06 / All) DontQQnub: SIGH
(22:13 / All) DontQQnub: DONT QQ NUB
(22:14 / All) Gobiner: why don't you leave about it
(22:24 / All) Gobiner: dont drop nub
(24:38 / Allies) DontQQnub: peons
(26:23 / Allies) DontQQnub: need to bat a base please
(26:44 / Allies) SPOOON: was trying to when you got attacked
(31:06 / Allies) DontQQnub: bat?
(34:26 / Allies) DontQQnub: kill potm?
(38:39 / Allies) DontQQnub: take that spoon
(38:51 / Allies) DontQQnub: coming
(40:24 / Allies) DontQQnub: rebuild
(44:05 / Allies) DontQQnub: k
(44:52 / Allies) DontQQnub: wards
(46:30 / Allies) DontQQnub: scan?
(46:46 / Allies) DontQQnub: free sobi
(46:47 / Allies) DontQQnub: sweet
(48:05 / Allies) DontQQnub: bring heroes
(48:10 / Allies) DontQQnub: we can kill this
(48:21 / Allies) DontQQnub: lets kill this
(49:27 / Allies) DontQQnub: stopped all the hawks and the starfall but lost heroes :*(
(54:54 / Allies) DontQQnub: they r massing hawks
(54:56 / Allies) DontQQnub: need bats
(55:00 / Allies) DontQQnub: i got 11k gold if guys need
(55:40 / Allies) DontQQnub: blah can u go t3 for mini town halls?
(55:44 / Allies) DontQQnub: cause i got no workers
(58:54 / Allies) DontQQnub: come tower this
(60:27 / Allies) DontQQnub: last gold on map
(60:32 / Allies) DontQQnub: lets harrass the shit outta it
(66:43 / Allies) DontQQnub: get wards blah
(67:15 / All) bean12: tired yet?
(67:19 / All) Gobiner: nope
(67:24 / All) Gobiner: givin me plenty of time to do my homework
(67:24 / All) 2m4nyt0wrs: we do this all the time
(67:41 / All) SPOOON: why would we be tired halfway through a game
(67:54 / Allies) DontQQnub: kill
(68:54 / Allies) DontQQnub: k
(69:44 / Allies) DontQQnub: you should go around from the left and bat those wyrms
(70:19 / Allies) DontQQnub: blah go kill a peon for lvl 6
(71:30 / All) Gobiner: you guys havin fun :)
(72:12 / Allies) DontQQnub: cant cast staff of santuary on purged units
(72:15 / Allies) DontQQnub: stupid
(72:22 / Allies) SPOOON: wow that is stupid
(72:22 / All) v[a]nity: ;-P
(77:35 / Allies) DontQQnub: here they come
(82:23 / Allies) DontQQnub: spoon didnt have an alter?
(82:25 / Allies) DontQQnub: you noob
(82:31 / Allies) DontQQnub: why didnt u have an invul pot?
(82:36 / Allies) Gobiner: B
(82:36 / Allies) Gobiner: C
(82:38 / Allies) Gobiner: NOOB
(89:59 / All) Gobiner: was it worth it?
(90:06 / All) Gobiner: you killed one tower
(90:08 / All) hasleftthegame: u guys are fucking idiots
(90:09 / All) Gobiner: spent about 1k gold
(90:14 / All) hasleftthegame: wjhat a way to waste ur life
(90:20 / All) Gobiner: thanks for the free win :)
(90:20 / All) 2m4nyt0wrs: your here with us too
(90:23 / All) 2m4nyt0wrs: wasting your life
(90:25 / All) 2m4nyt0wrs: :)
(90:28 / All) hasleftthegame: ur a cockface
(90:36 / All) 2m4nyt0wrs: lets play again
(90:39 / All) 2m4nyt0wrs: :)
(90:41 / All) 2m4nyt0wrs: some time
(90:42 / All) v[a]nity: lol, you guys are the trashiest players
(90:43 / All) hasleftthegame: if i met u in person i would smash ur pimpley punkass face
(90:43 / All) v[a]nity: you're all shit
(90:50 / All) v[a]nity: 3 hour game for nor eason
(90:51 / All) hasleftthegame: u dont know how to place wc
(92:45 / All) Gobiner: fuck
(92:48 / All) Gobiner: your level 10 hero ot xp
(93:01 / All) v[a]nity: ?
(101:34 / All) Gobiner: this is my favorite part of the gam :)
(101:39 / All) Gobiner: you guys aren't even trying to win
(101:44 / All) Gobiner: you know you're going to lose :)
(101:52 / All) Gobiner: and you just don't want us to have a win :)
(102:16 / All) v[a]nity: LOL
(102:20 / All) v[a]nity: ur wasting time 
(102:26 / All) v[a]nity: with this terrible strategy..
(102:27 / All) v[a]nity: haha
(102:31 / All) 2m4nyt0wrs: LOL
(102:33 / All) 2m4nyt0wrs: LAWL
(102:38 / All) Gobiner: you're wasting your time sitting there with no idea how to win :)
(102:42 / All) v[a]nity: lol, can't even pronounce ur name
(102:43 / All) 2m4nyt0wrs: :)
(102:49 / All) 2m4nyt0wrs: ur
(102:51 / All) 2m4nyt0wrs: UR
(102:52 / All) 2m4nyt0wrs: UR
(102:54 / All) 2m4nyt0wrs: URRRRRRRRRRRRRRR
(102:54 / All) v[a]nity: so are you dummy
(102:57 / All) 2m4nyt0wrs: UTR
(102:57 / All) 2m4nyt0wrs: UR
(103:01 / All) Gobiner: I know how to win
(103:04 / All) Gobiner: I'm doin it right now
(103:05 / All) 2m4nyt0wrs: UR THE ANCIENT CITY LOCATED IN MESSDONIA!
(106:56 / All) hasleftthegame: do u assfuckers like wc3? cuz u are killing the game with stupid shit like tower abuse  less people than ever play 4s cuz ofu
(107:11 / All) Gobiner: I hate warcraft
(107:17 / All) Gobiner: and I hate warcraft players
(107:32 / All) hasleftthegame: i hate u and ur family  i will be praying for ur deaths
(107:41 / All) Gobiner: thanks :)
(107:52 / All) Gobiner: this has been a gg
(107:52 / All) 2m4nyt0wrs: you wont actually be praying
(108:07 / All) 2m4nyt0wrs: busy stuck ina tower game chaisng blade masters to pray right?
(108:12 / All) hasleftthegame: n o its been fucking retarded
(108:21 / All) Gobiner: gg :)
(108:25 / All) hasleftthegame: i wanted to play alot of games instead i play u stupid fucks
(108:32 / All) hasleftthegame: fuyck wc
(108:35 / All) hasleftthegame: fuck u
(108:39 / All) Gobiner: why didn't you just leave so you could player other players?
(108:49 / All) hasleftthegame: cuz ur a fucker
(108:52 / All) Gobiner: you get a losseither way
(108:53 / All) hasleftthegame: we aint leaving
(108:57 / All) hasleftthegame: u cant beat our base
(109:03 / All) v[a]nity: and u cant beat ours
(109:05 / All) v[a]nity: what's the difference?
(109:09 / All) v[a]nity: LOL
(109:17 / All) 2m4nyt0wrs: we can
(109:20 / All) 2m4nyt0wrs: actually
(109:22 / All) hasleftthegame: i got all night  i can play another game same time
(109:26 / All) 2m4nyt0wrs: thats why were lolling
(109:30 / All) Gobiner: the difference is I'm fine with staying here all night
(109:36 / All) Gobiner: and tomorrow
(109:38 / All) Gobiner: and the next day
(109:43 / All) 2m4nyt0wrs: and the next day
(109:43 / All) hasleftthegame: cuz u are a pimple faced loser with no pussy
(109:46 / All) hasleftthegame: ur mom dont count
(109:47 / All) 2m4nyt0wrs: and the day after that
(110:01 / All) 2m4nyt0wrs: god forbid you lose a warcraft 3 game
(110:02 / All) Gobiner: you're right, I don't have a pussy
(110:05 / All) Gobiner: I gota big dick
(110:09 / All) Gobiner: I know you like those :)
(110:14 / All) Gobiner: you wanna suck on it?
(110:24 / All) SPOOON: ooh yeah gob let him suck on it
(110:28 / All) Gobiner: come here baby, let daddy show you a good time
(110:29 / All) 2m4nyt0wrs: hawt
(110:30 / All) SPOOON: be a pal
(110:34 / All) hasleftthegame: now im gonna go play something else fagface  die from aids soon please
(110:51 / All) Gobiner: you want my cum or not?
(111:15 / All) 2m4nyt0wrs: lol at red
(117:47 / All) 2m4nyt0wrs: lool
(117:55 / All) Gobiner: kwned :)
(118:03 / All) hasleftthegame: fuckers  u suck fat nigger cocks
(118:09 / All) Gobiner: thanks :)
(118:26 / All) 2m4nyt0wrs: LOL
(118:38 / All) 2m4nyt0wrs: how do you lose a level 10 blade master
(119:06 / All) 2m4nyt0wrs: u cant beat us?
(119:09 / All) 2m4nyt0wrs: lawl
(119:55 / All) Gobiner: don't be sore losers
(119:58 / All) Gobiner: good manner plz
(120:00 / All) 2m4nyt0wrs: seriosuly
(120:13 / All) 2m4nyt0wrs: poor sportsmanship from your guys part this game
(133:32 / All) 2m4nyt0wrs: are you guys new?
(133:36 / All) 2m4nyt0wrs: to warcraft 3
(134:35 / All) 2m4nyt0wrs: cant kill our basse?
(134:45 / All) hasleftthegame: ur a noob
(134:50 / All) hasleftthegame: only faggots make 100s of towers
(134:53 / All) hasleftthegame: its called abuse
(134:58 / All) hasleftthegame: towers are imbalam=nced
(135:02 / All) hasleftthegame: and u exploit them
(135:22 / All) 2m4nyt0wrs: send and email to blizzard about it
(135:22 / All) Gobiner: towers only work vs noobs like you :)
(135:32 / All) hasleftthegame: fuck u fggots
(135:37 / All) hasleftthegame: u ruined this game
(135:50 / All) hasleftthegame: wc is dead cuz of abusers like ufaggots
(135:59 / All) SPOOON: I like to think we improve the game
(136:04 / All) SPOOON: by making idiots like you quit
(136:15 / All) hasleftthegame: anyone of us is better than all of u  u hide behind imbalnced towers and abuse
(136:26 / All) hasleftthegame: i hope u die of cancer soon
(136:29 / All) Gobiner: 1v1 noob?
(136:35 / All) hasleftthegame: faggots
(136:58 / All) hasleftthegame: fuck ur asshole
(137:04 / All) hasleftthegame: praying to satan for ur deaths